 Dungeon Crawl Stone Soup version 0.20-a0-1036-g4d371cd (webtiles) character file.

86 Rrauwl the Cudgeler (level 4, -7/48 HPs)
             Began as an Ogre Berserker on Apr 22, 2017.
             Was a Believer of Trog.
             Killed from afar by a white imp (10 damage)
             ... with a puff of frost
             ... summoned by Natasha
             ... on level 2 of the Dungeon.
             The game lasted 00:03:12 (1593 turns).

Rrauwl the Cudgeler (Ogre Berserker)                Turns: 1593, Time: 00:03:12

Health: -7/48      AC:  3    Str: 22    XL:     4   Next: 50%
Magic:  4/4        EV: 10    Int:  8    God:    Trog [**....]
Gold:   103        SH:  0    Dex:  8    Spells: 3/3 levels left

rFire    . . .     SeeInvis .   a - +0 mace
rCold    . . .     Gourm    .   (no shield)
rNeg     . . .     Faith    .   b - +0 animal skin
rPois    .         Spirit   .   (helmet restricted)
rElec    .         Reflect  .   (no cloak)
rCorr    .         Harm     .   (gloves unavailable)
MR       .....                  (boots unavailable)
Stlth    ..........             (no amulet)
Regen    0.2/turn               j - ring of loudness (curse)
MPRegen  0.1/turn               (no ring)

@: slowed, very slow
A: unfitting armour, tough skin 1
a: Berserk, Trog's Hand, Burn Spellbooks, Renounce Religion


You were on level 2 of the Dungeon.
You worshipped Trog.
Trog was pleased with you.
You were not hungry.

You visited 1 branch of the dungeon, and saw 2 of its levels.

You collected 103 gold pieces.

Inventory:

Hand Weapons
 a - a +0 mace (weapon)
Armour
 b - a +0 animal skin (worn)
Jewellery
 j - a cursed ring of loudness (left hand)
Scrolls
 e - 3 scrolls of enchant armour {unknown}
 h - 2 scrolls of recharging {unknown}
 i - a scroll of remove curse {unknown}
 l - a scroll of amnesia {unknown}
 n - a scroll of blinking {unknown}
 o - 2 scrolls of identify {unknown}
Potions
 g - a potion of magic {unknown}
 k - a potion of resistance
 m - a potion of berserk rage {unknown}
 p - a potion of flight {unknown}
 q - a potion of heal wounds {unknown}
Comestibles
 c - 3 bread rations
 f - a royal jelly
 r - a meat ration


   Skills:
 - Level 4.0 Fighting
 + Level 4.4 Maces & Flails
 - Level 3.0 Dodging


You had 3 spell levels left.
You didn't know any spells.

Dungeon Overview and Level Annotations

Branches:
Dungeon (2/15)

Altars:

Annotations:
D:2 Natasha


Innate Abilities, Weirdness & Mutations

You are too large for most types of armour.
You have tough skin. (AC +1)


Message History

Natasha is almost dead.
Natasha claws you. The white imp misses you. The white imp barely misses you.
Natasha claws you but does no damage. The white imp hits you.
* * * LOW HITPOINT WARNING * * *
The white imp freezes you.
* * * LOW HITPOINT WARNING * * *
The white imp closely misses you.
You closely miss Natasha.
Natasha is almost dead.
Natasha claws you but does no damage. The white imp gestures at you.
The puff of frost hits you!
* * * LOW HITPOINT WARNING * * *
The white imp hits you but does no damage.
Natasha stares at you and mumbles some strange words.
You feel as though you will be slow longer.
The white imp puffs mist at you. The white imp gestures at you.
The puff of frost hits you!
You die...

#.......######......#.# ##.
#.......# #....##..# #..
#.......# #....##.....####..
#.......###.#####...<.##....
#........... #.........##.
####....#### ###.........###
###....# ####......)......)
#....#.###5...##..........#
#.##.#...h@5.........#..#..
##.##.#....#####.(.....#.... #..#
.#....# #.......####. #.##
.#.#### #.......# #. ##.# ..
##.....## #. #..# .##
##..)######. ##.##
##############>......
####..#######..[..<........#####.
...)..........############## #.


You could see Natasha and 2 white imps.

Vanquished Creatures
  Terence (D:2)
  2 adders (D:2)
  A worm (D:2)
  8 bats
  2 giant cockroaches (D:1)
  4 goblins
  2 hobgoblins
  3 jackals (D:1)
  7 kobolds
  4 frilled lizards
  8 rats
42 creatures vanquished.

Notes
Turn   | Place    | Note
-------+----------+-------------------------------------------
     0 | D:1      | Rrauwl the Ogre Berserker began the quest for the Orb.
     0 | D:1      | Reached XP level 1. HP: 24/24 MP: 1/1
   108 | D:1      | Reached XP level 2. HP: 13/32 MP: 2/2
   406 | D:1      | Reached ** piety under Trog
   603 | D:1      | Reached XP level 3. HP: 36/39 MP: 3/3
  1274 | D:2      | Reached XP level 4. HP: 45/48 MP: 4/4
  1293 | D:2      | Noticed Terence
  1312 | D:2      | Killed Terence
  1582 | D:2      | Noticed Natasha
  1593 | D:2      | Killed from afar by a white imp

Vault maps used:
D:1:      lemuel_arrival_room
D:2:      first_bread, uniq_natasha, uniq_terence

Skill      XL: |  1  2  3 |
---------------+----------+-----
Dodging        | 3 |  3.0
Maces & Flails | 3 4 |  4.4
Fighting       | |  4.0

Action                   |  1- 3 |  4- 6 || total
-------------------------+-------+-------++-------
Melee: Mace              |   113 |    44 ||   157
Invok: Berserk           |     2 |       ||     2
  Eat: Chunk             |     3 |     1 ||     4
Armor: Animal skin       |    60 |    13 ||    73
Dodge: Dodged            |    96 |    22 ||   118
